 Dungeon Crawl Stone Soup version 0.16.2-2-g470672f (webtiles) character file.

524 dearth the Cudgeler (level 7, -2/61 HPs)
             Began as a Minotaur Fighter on Aug 29, 2015.
             Slain by a mummy (10 damage)
             ... in an ossuary.
             The game lasted 00:09:43 (3505 turns).

dearth the Cudgeler (Minotaur Fighter)              Turns: 3505, Time: 00:09:44

Health: -2/61      AC: 10    Str: 28    XL:     7   Next: 2%
Magic:  3/3        EV:  8    Int:  5    God:
Gold:   212        SH: 10    Dex:  9    Spells: 0 memorised, 6 levels left

rFire  . . .     SeeInvis .     m - +1 whip (venom)
rCold  . . .     Clarity  .     b - +0 scale mail
rNeg   . . .     SustAb   +     c - +0 shield
rPois  .         Gourm    +     (helmet restricted)
rElec  .         Spirit   .     (no cloak)
rCorr  .         Warding  .     a - +2 pair of gloves
rMut   .         Stasis   .     (no boots)
MR     .....                    q - amulet of the gourmand
Stlth  ..........               t - ring of flight (curse)
                                f - ring of sustain abilities

@: mighty, not resistant to hostile enchantments, extremely unstealthy
A: retaliatory headbutt, horns 2
a: Evoke Flight


You were in an ossuary.
You were not hungry.

You visited 1 branch of the dungeon, and saw 4 of its levels.
You also visited: Ossuary.

You collected 212 gold pieces.

Inventory:

Hand weapons
 m - a +1 whip of venom (weapon)
Armour
 a - a +2 pair of gloves (worn)
 b - a +0 scale mail (worn)
 c - a +0 shield (worn)
Jewellery
 f - a ring of sustain abilities (left hand)
 q - an amulet of the gourmand (around neck)
 t - a cursed ring of flight (right hand)
Magical devices
 n - a wand of flame (16)
 p - a wand of polymorph (5)
Scrolls
 g - a scroll of enchant armour {unknown}
 i - 2 scrolls of amnesia {unknown}
 j - a scroll of enchant weapon {unknown}
 l - 4 scrolls of identify {unknown}
 o - a scroll of magic mapping {unknown}
 r - a scroll of random uselessness {unknown}
 s - a scroll of immolation {unknown}
 w - a scroll of blinking {unknown}
 y - a scroll of remove curse {unknown}
Potions
 e - a potion of might
 h - 2 potions of cancellation {unknown}
 k - a potion of restore abilities {unknown}
 v - a potion of haste {unknown}
Comestibles
 d - 3 bread rations
 u - a slice of pizza
 x - a meat ration


   Skills:
 + Level 5.2 Fighting
 * Level 6.1 Maces & Flails
 + Level 5.3 Armour
 + Level 5.4 Shields


You had 6 spell levels left.
You didn't know any spells.

Dungeon Overview and Level Annotations

Branches:
Dungeon (4/15)
 Temple: D:4-7

Altars:
Cheibriados
Gozag
The Shining One

Annotations:
Ossuary raikaria's ghost, experienced NaVM


Innate Abilities, Weirdness & Mutations

You reflexively headbutt those who attack you in melee.
You have a pair of horns on your head.


Message History

You block the orc zombie's attack.
You whack the orc zombie!
You destroy the orc zombie!
You block raikaria's ghost's attack.
You hit raikaria's ghost.
Raikaria's ghost is lightly damaged.
Raikaria's ghost hits you.
You are electrocuted!
* * * LOW HITPOINT WARNING * * *
A mummy comes into view.
You hit raikaria's ghost. You headbutt raikaria's ghost!
Raikaria's ghost is moderately damaged.
You hit raikaria's ghost.
Raikaria's ghost is moderately damaged.
You block raikaria's ghost's attack.
Your shield and scale mail prevent you from hitting raikaria's ghost.
Raikaria's ghost is moderately damaged.
You block the orc zombie's attack.
You hit the hobgoblin zombie. You headbutt the hobgoblin zombie.
The mummy hits you!
You die...

.......
......
#.M..#
#MZ..#
#....#
#.Z..#
#M...#
#ZZM.#
#.@W.#
#....#
#.∩∩.#
######


You could see 4 mummies, raikaria's ghost, a hobgoblin zombie, a kobold zombie
and 2 orc zombies.

Vanquished Creatures
  An ogre (D:4)
  Sigmund (D:2)
  An orc wizard (D:3)
  2 worker ants (D:4)
  Ijyb (D:2)
  A mummy (D:4)
  Robin (D:2)
  4 gnolls
  6 adders
  A giant mite (D:2)
  5 worms
  2 giant geckos
  An ooze (D:1)
  14 orcs (D:3)
  2 ball pythons
  11 bats
  12 hobgoblins
  5 quokkas
  A ball python skeleton (D:4)
  8 giant cockroaches
  5 giant newts
  16 goblins
  A hobgoblin zombie (Ossuary)
  8 kobolds
  2 orc zombies (Ossuary)
  12 rats
124 creatures vanquished.

Notes
Turn   | Place    | Note
--------------------------------------------------------------
     0 | D:1      | dearth, the Minotaur Fighter, began the quest for the Orb.
     0 | D:1      | Reached XP level 1. HP: 19/19 MP: 1/1
    43 | D:1      | Reached XP level 2. HP: 16/27 MP: 1/1
   371 | D:1      | Reached skill level 4 in Armour
   527 | D:1      | Reached XP level 3. HP: 30/33 MP: 2/2
   997 | D:2      | Noticed Sigmund
  1012 | D:2      | Killed Sigmund
  1012 | D:2      | Reached XP level 4. HP: 16/40 MP: 2/2
  1192 | D:2      | Reached XP level 5. HP: 32/46 MP: 2/2
  1503 | D:2      | Noticed Robin
  1516 | D:2      | Killed Robin
  1737 | D:2      | Noticed Ijyb
  1765 | D:2      | Killed Ijyb
  1769 | D:2      | Reached skill level 5 in Shields
  1773 | D:2      | Reached skill level 5 in Maces & Flails
  2206 | D:2      | Reached XP level 6. HP: 52/55 MP: 3/3
  2515 | D:3      | Found a snail-covered altar of Cheibriados.
  2548 | D:3      | Reached skill level 5 in Fighting
  2551 | D:3      | Found a glowing golden altar of the Shining One.
  2838 | D:3      | Found an opulent altar of Gozag.
  2997 | D:3      | Reached skill level 5 in Armour
  3393 | D:4      | Reached skill level 6 in Maces & Flails
  3438 | D:4      | Found a sand-covered staircase.
  3447 | D:4      | Reached XP level 7. HP: 15/61 MP: 3/3
  3451 | Ossuary  | Entered an ossuary
  3488 | Ossuary  | Noticed raikaria's ghost (experienced NaVM)
  3505 | Ossuary  | Slain by a mummy

Action                   |  1- 3 |  4- 6 |  7- 9 || total
-------------------------+-------+-------+-------++-------
Melee: Flail             |    82 |       |       ||    82
       Whip              |    11 |   227 |    10 ||   248
       Unarmed           |       |     8 |       ||     8
  Use: Potion            |       |       |     1 ||     1
  Eat: Chunk             |       |     5 |       ||     5
       Bread ration      |       |     1 |       ||     1
